 Dungeon Crawl Stone Soup version 0.31.0-11-ge490571c62 (webtiles) character file.

Game seed: 7117655771939521721

3793 Arctor the Skirmisher (level 10, -8/61 HPs)
             Began as a Kobold Hexslinger on Jan 29, 2024.
             Was a Follower of Sif Muna.
             Mangled by a two-headed ogre
             ... wielding a +0 giant club
              (22 damage)
             ... on level 8 of the Dungeon.
             The game lasted 00:14:11 (8870 turns).

Arctor the Skirmisher (Kobold Hexslinger)           Turns: 8870, Time: 00:14:12

Health: -8/61      AC:  8    Str: 10    XL:     10   Next: 39%
Magic:  18/18      EV: 20    Int: 13    God:    Sif Muna [*.....]
Gold:   261        SH:  0    Dex: 21    Spells: 14/20 levels left

rFire   . . .        w - +2 dagger (venom)
rCold   . . .        (no shield)
rNeg    . . .        c - +0 robe
rPois   .            (helmet restricted)
rElec   .            k - +0 cloak
rCorr   .            (no gloves)
SInv    .            m - +2 pair of boots {Fly}
Will    .....        s - amulet of magic regeneration
Stlth   +++          f - ring of wizardry
HPRegen 0.30/turn    (no ring)
MPRegen 0.56/turn

%: wizardry (x1)
@: weak-willed, jinxed, flying
A: small, no large weapons, nightstalker 3, antennae 1, iridescent scales 1,
strong 1
a: Renounce Religion, Channel Magic


You were on level 8 of the Dungeon.
You worshipped Sif Muna.
Sif Muna was aware of your devotion.
You visited 2 branches of the dungeon, and saw 9 of its levels.

You collected 346 gold pieces.
You spent 85 gold pieces at shops.

Inventory:

Hand Weapons
 a - a +1 heavy sling
 w - a +2 dagger of venom (weapon)
Missiles
 d - 5 javelins
 o - 2 throwing nets
Armour
 c - a +0 robe (worn)
 j - a +0 helmet
 k - a +0 cloak (worn)
 m - a +2 pair of boots of flying (worn)
Jewellery
 f - a ring of wizardry (left hand)
 s - an amulet of magic regeneration (around neck)
Wands
 r - a wand of charming (7)
 t - a wand of flame (27)
Scrolls
 b - 4 scrolls of poison
 h - 2 scrolls of amnesia
 n - a scroll of teleportation {unknown}
 p - 3 scrolls of immolation
 y - 3 scrolls of vulnerability
 z - 2 scrolls of fear
 B - a scroll of revelation
 C - a scroll of enchant armour
Potions
 e - 2 potions of degeneration
 g - a potion of lignification
 i - a potion of heal wounds
 l - a potion of enlightenment
 q - a potion of curing
 u - a potion of haste


   Skills:
 + Level 6.4 Fighting
 + Level 8.2 Ranged Weapons
 + Level 7.5 Dodging
 + Level 5.9 Spellcasting
 + Level 6.4 Hexes
 + Level 5.6 Fire Magic


You had 14 spell levels left.
You knew the following spells:

 Your Spells              Type           Power      Damage    Failure   Level
a - Jinxbite              Hex            40%        N/A       1%          2
b - Foxfire               Conj/Fire      44%        2x1d6     2%          1
c - Inner Flame           Hex/Fire       19%        N/A       1%          3

Your spell library contained the following spells:

 Spells                   Type           Power      Damage    Failure   Level
 Slow                     Hex            80%        N/A       1%          1
 Scorch                   Fire           36%        2d6       1%          2
 Confusing Touch          Hex            20%        N/A       1%          3
 Sigil of Binding         Hex            20%        N/A       1%          3
 Ensorcelled Hibernation  Hex/Ice        24%        N/A       2%          2
 Cause Fear               Hex            10%        N/A       4%          4
 Lesser Beckoning         Tloc           6%         N/A       11%         2
 Anguish                  Hex/Necr       6%         N/A       17%         4
 Dimensional Bullseye     Hex/Tloc       6%         N/A       17%         4
 Fugue of the Fallen      Necr           3%         N/A       21%         3
 Gell's Gravitas          Tloc           3%         N/A       21%         3
 Stone Arrow              Conj/Erth      6%         3d7       21%         3
 Teleport Other           Tloc           3%         N/A       21%         3
 Vampiric Draining        Necr           3%         2d6       21%         3
 Flame Wave               Conj/Fire      11%        2d6       21%         4
 Animate Armour           Summ/Erth      6%         N/A       52%         4
 Iskenderun's Battlesphe  Conj           3%         2d6       86%         5
 Plasma Beam              Fire/Air       5%         2x1d16    96%         6
 Starburst                Conj/Fire      5%         6d4       96%         6
 Bombard                  Conj/Erth      1%         9d1       100%        6
 Summon Cactus Giant      Summ           1%         N/A       100%        6
 Spellforged Servitor     Conj/Summ      1%         N/A       100%        7
 Lehudib's Crystal Spear  Conj/Erth      1%         10d2      100%        8


Dungeon Overview and Level Annotations

Branches:
Dungeon (8/15)             Temple (1/1) D:5
   Lair: D:8-11

Altars:
Ashenzari
Cheibriados
Dithmenos
Elyvilon
Gozag
Hepliaklqana
Kikubaaqudgha
Makhleb
Okawaru
Qazlal
Ru
Sif Muna
Trog
Uskayaw
Wu Jian
Xom
Yredelemnul
Zin
The Shining One

Shops:
D:3 ![:*?   D:5 (

Annotations:
D:2 1 runed translucent door, Crazy Yiuf
D:7 2 runed translucent doors, LobsterGuardian's ghost, novice HOFi
D:8 2 transporters, Biggs's ghost, novice TrSh; Erica


Innate Abilities, Weirdness & Mutations

You are small and have problems with some larger weapons.
You are completely attuned to the shadows.
You have a pair of small antennae on your head.
You are partially covered in iridescent scales. (AC +2)
Your muscles are strong. (Str +4, Int/Dex -1)


Message History

The two-headed ogre hits you with a +0 giant spiked club!
You hit the two-headed ogre.
The two-headed ogre is moderately wounded.
You hit the two-headed ogre but do no damage.
The two-headed ogre looks as sick as possible!
The two-headed ogre is moderately wounded.
A giggling sprite leaps out and smacks the two-headed ogre with its own hand.
The two-headed ogre is moderately wounded.
The two-headed ogre completely misses you. x2
You hit the two-headed ogre.
The two-headed ogre looks as sick as possible!
The two-headed ogre is heavily wounded.
The two-headed ogre closely misses you.
The two-headed ogre hits you with a +0 giant spiked club!!
* * * LOW HITPOINT WARNING * * *
Found a flail.
The two-headed ogre seems less drained.
The jinxing sprites lose interest in you.
You see here a +0 flail.
The two-headed ogre attacks as it pursues you!
The two-headed ogre hits you with a +0 giant club.
* * * LOW HITPOINT WARNING * * *
The two-headed ogre misses you.
You hit the two-headed ogre but do no damage.
The two-headed ogre is severely wounded.
The two-headed ogre barely misses you. x2
Casting: Jinxbite (safe; 1% risk of failure)
Confirm with . or Enter, or press ? or * to list all spells.
You beckon some vexing sprites to accompany your attacks.
You feel your willpower being sapped.
You hit the two-headed ogre but do no damage.
The two-headed ogre is severely wounded.
The two-headed ogre misses you. x2
You hit the two-headed ogre but do no damage.
The two-headed ogre looks as sick as possible!
The two-headed ogre is severely wounded.
A giggling sprite leaps out and smacks the two-headed ogre with its own hand.
The two-headed ogre is severely wounded.
The two-headed ogre misses you.
The two-headed ogre hits you with a +0 giant spiked club!!
You die...

###.####.#
#...##.# ###.##..
#.##.. #....
##..... #...
#....## #.. #.####
#.# ##....# #@#
.......# #O#
.....[.# #.####..
.......#?
#...............#©
#)..............##
#.......# ###.....
#.......# #.......
###...#####.......
#...............


You could see a two-headed ogre (extremely poisoned, drained).

Vanquished Creatures
  Maurice (D:8)
  Grinder (D:5)
  Sigmund (D:4)
  Eustachio (D:5)
  A steam dragon (D:8)
  Menkaure (D:6)
  A water moccasin (D:6)
  A black bear (D:6)
  3 sky beasts
  2 phantoms (D:6)
  2 bullfrogs
  3 scorpions
  16 wights
  An electric eel (D:7)
  3 howler monkeys (D:7)
  3 bombardier beetles
  4 hounds
  2 orc priests
  2 jellies
  A sleepcap (D:6)
  6 iguanas
  An orc wizard (D:6)
  6 gnolls
  8 adders
  A shadow imp (D:5)
  A white imp (D:6)
  3 dart slugs
  18 orcs
  6 endoplasms
  9 goblins
  5 hobgoblins
  2 jackals (D:1)
  3 training dummies (D:5)
  8 ball pythons
  2 bats
  2 frilled lizards
  9 kobolds
  7 rats
  A butterfly (D:5)
148 creatures vanquished.

Vanquished Creatures (others)
  25 foxfires (D:7)
25 creatures vanquished.

Grand Total: 173 creatures vanquished

Notes
Turn   | Place    | Note
-------+----------+-------------------------------------------
     0 | D:1      | Arctor the Kobold Hexslinger began the quest for the Orb.
     0 | D:1      | Reached XP level 1. HP: 12/12 MP: 2/2
   190 | D:1      | Reached XP level 2. HP: 16/16 MP: 3/3
   417 | D:1      | Found a faded altar of an unknown god.
   513 | D:1      | Reached skill level 3 in Ranged Weapons
  1055 | D:2      | Reached XP level 3. HP: 20/20 MP: 4/4
  1095 | D:2      | Learned a level 2 spell: Jinxbite
  1153 | D:2      | Found a hazy altar of Hepliaklqana.
  1635 | D:2      | Found a runed translucent door.
  1638 | D:2      | Noticed Crazy Yiuf
  2113 | D:3      | Reached XP level 4. HP: 26/26 MP: 3/6
  2337 | D:3      | Found Zuipoini's Book Shoppe.
  2356 | D:3      | Found Bumajuir's Magic Scroll Shoppe.
  2434 | D:3      | Found Jiallove's Armour Shoppe.
  2444 | D:3      | Learned a level 1 spell: Foxfire
  2473 | D:3      | Reached XP level 5. HP: 24/30 MP: 7/7
  2702 | D:3      | Found Raosemoc's Assorted Antiques.
  2707 | D:3      | Bought a dented beryl amulet for 85 gold pieces
  2721 | D:3      | Found a basalt altar of Yredelemnul.
  2826 | D:3      | Found Iczos's Distillery.
  3165 | D:4      | Reached XP level 6. HP: 36/36 MP: 9/9
  3221 | D:4      | Reached skill level 4 in Ranged Weapons
  3317 | D:4      | Noticed Sigmund
  3328 | D:4      | Killed Sigmund
  3329 | D:4      | Reached XP level 7. HP: 34/41 MP: 9/11
  3686 | D:5      | Entered Level 5 of the Dungeon
  3840 | D:5      | Noticed Menkaure
  3842 | D:5      | Noticed Grinder
  3846 | D:5      | Paralysed by Grinder for 3 turns
  3864 | D:6      | Killed Menkaure
  3985 | D:5      | Paralysed by Grinder for 5 turns
  3997 | D:5      | Killed Grinder
  3998 | D:5      | Reached skill level 5 in Ranged Weapons
  3998 | D:5      | Reached XP level 8. HP: 48/48 MP: 10/13
  4036 | D:5      | Found a staircase to the Ecumenical Temple.
  4044 | Temple   | Entered the Ecumenical Temple
  4077 | Temple   | Became a worshipper of Sif Muna the Loreminder
  4349 | D:5      | Reached skill level 5 in Dodging
  4417 | D:5      | Noticed Eustachio
  4431 | D:5      | Killed Eustachio
  4628 | D:5      | Reached skill level 6 in Ranged Weapons
  4792 | D:5      | Found Pykhemam's Firing Range.
  4947 | D:6      | Reached skill level 5 in Hexes
  5019 | D:6      | Reached XP level 9. HP: 43/52 MP: 15/15
  5023 | D:6      | Learned a level 3 spell: Inner Flame
  5802 | D:6      | Reached skill level 5 in Fighting
  6526 | D:6      | Gained mutation: You are partially covered in iridescent
                  | scales. (AC +2) [potion of mutation]
  6526 | D:6      | Gained mutation: Your muscles are strong. (Str +4, Int/Dex
                  | -1) [potion of mutation]
  6526 | D:6      | Gained mutation: You have a pair of small antennae on your
                  | head. [potion of mutation]
  6639 | D:7      | Reached skill level 7 in Ranged Weapons
  6699 | D:7      | Found a burning altar of Makhleb.
  6709 | D:7      | Reached skill level 5 in Spellcasting
  7234 | D:7      | Found a large runed translucent door.
  7234 | D:7      | Noticed LobsterGuardian's ghost (novice HOFi)
  7276 | D:7      | Reached skill level 5 in Fire Magic
  7418 | D:7      | HP: 1/54 [wight/+0 spear (4)]
  7432 | D:7      | Reached XP level 10. HP: 20/57 MP: 18/18
  7716 | D:7      | Found a white marble altar of Elyvilon.
  7981 | D:7      | Found a hazy altar of Hepliaklqana.
  8174 | D:7      | Found a large runed translucent door.
  8253 | D:7      | Reached * piety under Sif Muna
  8467 | D:8      | Found the +18 Lear's hauberk
  8474 | D:8      | Found a transporter.
  8502 | D:8      | Reached skill level 8 in Ranged Weapons
  8582 | D:8      | Noticed Maurice
  8583 | D:8      | Found a transporter.
  8593 | D:8      | Something stole a +1 heavy sling
  8603 | D:8      | Something stole 5 javelins
  8604 | D:8      | Killed Maurice
  8742 | D:8      | Noticed Biggs's ghost (novice TrSh)
  8743 | D:8      | Identified the +5 dire flail of the Endless March {drain,
                  | rPois}
  8764 | D:8      | Noticed a two-headed ogre
  8773 | D:8      | Noticed Erica
  8870 | D:8      | Mangled by a two-headed ogre

Illustrated notes

Levels and vault maps discovered:
D:1:      ncdulo_halloftheorcs, layout_loops_ring,
          dreamdust_ecumenical_altar_hidden_monk_grotto, minmay_statues_item
D:2:      layout_basic, basic_altar, uniq_crazy_yiuf_cottage
D:3:      kennysheep_six_static_rooms, layout_loops_ring, lemuel_round_altar,
          serial_shops, shop, shop, nicolae_shop_rolling_square, shop, shop,
          nrook_mini_backslash
D:4:      layout_cave_pools, kennysheep_flooded_box, uniq_sigmund
D:5:      layout_loops_ring, minmay_temple_entry_butterflies,
          serial_library_hellmonk_small_corner, grunt_decor_arrowhead,
          nicolae_shop_firing_range, uniq_eustachio, uniq_menkaure, uniq_grinder
D:6:      layout_basic, nicolae_eternal_life
D:7:      layout_loops_ring, lemuel_coloured_pillars_altar,
          nicolae_overflow_two_pavilions, ebering_ghost_disaster_area,
          lightli_ossuary_entry_decrepit_ruins
D:8:      layout_basic, mainiacjoe_overflow_two_lobes, gammafunk_ghost_smash,
          uniq_erica, uniq_maurice
Temple:   regret_index_temple_waves

Skill      XL: |  1  2  3  4  5  6  7  8  9 10 |
---------------+-------------------------------+-----
Ranged Weapons | 3 4 5 6 7 8 |  8.2
Dodging        | 3 4 5 6 7 |  7.5
Fighting       | 2 3 4 5 6 |  6.4
Spellcasting   | 2 3 4 5 |  5.9
Fire Magic     | 2 3 4 5 |  5.6
Hexes          | 4 5 6 |  6.4

Action                     |  1- 3 |  4- 6 |  7- 9 | 10-12 || total
---------------------------+-------+-------+-------+-------++-------
  Melee: Dagger            |       |    62 |   347 |    61 ||   470
         Punch             |       |       |     6 |     3 ||     9
   Fire: Sling             |    71 |    47 |     4 |     9 ||   131
   Cast: Jinxbite          |     1 |     3 |    22 |     9 ||    35
         Foxfire           |       |       |       |    17 ||    17
         Inner Flame       |       |       |       |     1 ||     1
    Use: Potion            |       |     1 |    10 |     3 ||    14
         Scroll            |       |       |    12 |       ||    12
   Stab: Sleeping          |       |     6 |    17 |     1 ||    24
         Distracted        |       |     2 |     1 |       ||     3
 Armour: Robe              |     7 |    27 |   145 |    46 ||   225
         Skin              |       |       |     8 |    28 ||    36
  Dodge: Dodged            |    20 |    73 |   273 |    88 ||   454
